 Dungeon Crawl Stone Soup version 0.30-a0-1075-gcd70e7a56d (webtiles) character file.

Game seed: 14681233162953868665

74 jimonade the Grasshopper (level 4, -4/39 HPs)
             Began as a Naga Warper on Apr 15, 2023.
             Killed from afar by Terence (16 damage)
             ... with a bolt of light
             ... on level 3 of the Dungeon.
             The game lasted 00:04:46 (1781 turns).

jimonade the Grasshopper (Naga Warper)              Turns: 1781, Time: 00:04:47

Health: -4/39      AC:  3    Str: 14    XL:     4   Next: 30%
Magic:  7/7        EV:  9    Int: 13    God:
Gold:   109        SH:  0    Dex: 12    Spells: 7/7 levels left

rFire   . . .      SeeInvis +    a - +0 short sword
rCold   + . .      Faith    .    (no shield)
rNeg    . . .      Spirit   .    h - +0 leather armour
rPois   +          Reflect  .    (no helmet)
rElec   .          Rampage  .    (no cloak)
rCorr   .                        (no gloves)
Will    .....                    (no barding)
Stlth   +                        (no amulet)
HPRegen 0.26/turn                e - +4 ring of slaying
MPRegen 0.10/turn                f - ring of protection from cold

@: flying, very slow
A: AC +1, large, see invisible, deformed body, poison resistance, slowness 2,
spit poison 1, naga tail 1
a: Spit Poison


You were on level 3 of the Dungeon.
You visited 1 branch of the dungeon, and saw 3 of its levels.

You collected 109 gold pieces.

Inventory:

Hand Weapons
 a - a +0 short sword (weapon)
 b - a +0 sling
 m - a +0 spear
Missiles
 d - 7 boomerangs of dispersal
 p - 2 atropa-tipped darts
 t - 5 javelins
Armour
 h - a +0 leather armour (worn)
Jewellery
 e - a +4 ring of slaying (left hand)
 f - a ring of protection from cold (right hand)
Scrolls
 c - 2 scrolls of blinking
 g - 3 scrolls of identify {unknown}
 i - a scroll of brand weapon {unknown}
 j - a scroll of vulnerability {unknown}
 k - a scroll of fog {unknown}
 l - a scroll of torment {unknown}
 r - 4 scrolls of noise {unknown}
 u - a scroll of magic mapping {unknown}
Potions
 o - 3 potions of curing
 q - a potion of resistance {unknown}


   Skills:
 + Level 2.0 Fighting
 + Level 2.4 Short Blades
 + Level 0.4 Ranged Weapons
 + Level 0.8 Throwing
 + Level 1.6 Armour
 + Level 2.0 Dodging
 + Level 0.3 Stealth
 + Level 2.3 Spellcasting
 * Level 3.5 Translocations


You had 7 spell levels left.
You didn't know any spells.
Your spell library contained the following spells:

 Spells                   Type           Power      Damage    Failure   Level
 Blink                    Tloc           20%        N/A       11%         2
 Lesser Beckoning         Tloc           20%        N/A       11%         2
 Teleport Other           Tloc           10%        N/A       22%         3
 Vhi's Electric Charge    Tloc/Air       12%        N/A       41%         3
 Manifold Assault         Tloc           10%        N/A       56%         4


Dungeon Overview and Level Annotations

Branches:
Dungeon (3/15)

Altars:

Shops:
D:1 !   D:2 (

Annotations:
D:3 Terence


Innate Abilities, Weirdness & Mutations

Your serpentine skin is tough. (AC +1)
You have supernaturally acute eyesight. (SInv)
Armour fits poorly on your strangely shaped body.
Your system is resistant to poisons. (rPois)
You cover ground very slowly.
You can spit poison.
You have a snake-like lower body.


Message History

There is a stone staircase leading up here.
Found a scroll labelled DOUMPEISOTH.
Found 17 gold pieces.
You now have 109 gold pieces (gained 17).
u - a scroll labelled DOUMPEISOTH A dart slug comes into view.
The dart slug launches a dart at you. The slug dart hits you.
A dart slug is nearby!
You shoot a sling bullet. The sling bullet hits the dart slug.
The dart slug is moderately wounded.
You shoot a sling bullet. The sling bullet hits the dart slug.
You kill the dart slug!
No target in view!
HP restored.
Terence the Incautious comes into view.
He is wielding a +0 short sword and carrying a wand of light (4).
Terence shouts!
You hear a shout!
A goblin comes into view. It is wielding a +0 dagger.
Terence zaps a wand.
The bolt of light hits you!
Fire: b) +0 sling
Press: ? - help, Q - select action, (/) - cycle Shift-Dir - straight line, f - goblin
Aim: a goblin, wielding a +0 dagger (53% to hit)
You shoot a sling bullet. The sling bullet misses the goblin.
a - a +0 short sword (weapon)
You barely miss Terence. Terence barely misses you.
You hit Terence.
Terence is lightly wounded.
Terence zaps a wand.
The bolt of light hits you!!
You are confused.
You are too confused!
Unknown command.
It was a potion of magic.
Magic courses through your body. Terence hits you with a +0 short sword.
* * * LOW HITPOINT WARNING * * *
It was a potion of curing.
You feel better.
Terence zaps a wand.
The bolt of light hits you!
It was a potion of flight.
You feel very buoyant.
You fly up into the air.
Terence zaps a wand.
The bolt of light hits you!
You die...

### ####.########.#
.......g@@....#
.......######.#
.......#......######
.......#.#.........#
....... #.........#
....... #.........#
######. #.........#
.. #.........#
#.........#


You could see Terence and a goblin.

Vanquished Creatures
  3 adders (D:2)
  A worm (D:2)
  A dart slug (D:3)
  3 endoplasms
  2 giant cockroaches
  2 hobgoblins
  4 jackals (D:2)
  A quokka (D:2)
  4 ball pythons
  4 bats
  3 frilled lizards
  8 goblins
  4 kobolds
  2 rats
42 creatures vanquished.

Vanquished Creatures (others)
  5 toadstools (D:1)
5 creatures vanquished.

Grand Total: 47 creatures vanquished

Notes
Turn   | Place    | Note
-------+----------+-------------------------------------------
     0 | D:1      | jimonade the Naga Warper began the quest for the Orb.
     0 | D:1      | Reached XP level 1. HP: 19/19 MP: 3/3
   128 | D:1      | Found Ximaseis's Distillery.
   300 | D:1      | Reached XP level 2. HP: 26/26 MP: 5/5
   376 | D:1      | You fall into a shaft and drop 1 floor!
   421 | D:2      | Reached skill level 1 in Armour
   577 | D:1      | Reached XP level 3. HP: 32/32 MP: 6/6
  1000 | D:2      | Found Wuosu's Weapon Boutique.
  1343 | D:2      | Reached XP level 4. HP: 30/39 MP: 7/7
  1772 | D:3      | Noticed Terence
  1781 | D:3      | Killed from afar by Terence

Illustrated notes

Levels and vault maps discovered:
D:1:      ldierk_walled_garden, layout_loops_ring, serial_shops,
          nicolae_lakefront_shop
D:2:      layout_rooms, serial_shops, shop, minmay_tromino_v7
D:3:      layout_basic, mainiacjoe_overflow_concentric_impassable, uniq_terence

Skill      XL: |  1  2 |
---------------+-------+-----
Armour         | 1 |  1.6
Dodging        | 2 |  2.0
Fighting       | |  2.0
Short Blades   | |  2.4
Ranged Weapons | |  0.4
Throwing       | |  0.8
Stealth        | |  0.3
Spellcasting   | |  2.3
Translocations | |  3.5

Action                     |  1- 3 |  4- 6 || total
---------------------------+-------+-------++-------
  Melee: Short sword       |    70 |     7 ||    77
         Punch             |     2 |       ||     2
   Fire: Sling             |    32 |    17 ||    49
Ability: Spit Poison       |    12 |       ||    12
    Use: Potion            |       |     3 ||     3
 Armour: Leather armour    |    20 |     2 ||    22
  Dodge: Dodged            |    30 |     2 ||    32

Table legend: (Time is in decaauts)
 A = Elapsed time spent in this place.
 B = Non-inter-level travel time spent in this place.
 C = Inter-level travel time spent in this place.
 D = Time resting spent in this place.
 E = Time spent auto-exploring this place.
 F = Levels seen in this place.
 G = Mean time per level.
                   A        B        C        D        E       F      G
               +--------+--------+--------+--------+--------+-----+--------+
         Total |   2276 |   2115 |    161 |    168 |   1448 |   3 |  758.7 |
       Dungeon |   2276 |   2115 |    161 |    168 |   1448 |   3 |  758.7 |
               +--------+--------+--------+--------+--------+-----+--------+

Top non-repeatable levels by time:
     D:1: 1157 daAuts
     D:2: 1068 daAuts
     D:3: 51 daAuts
